 Dungeon Crawl Stone Soup version 0.29.1-12-g30fa7ad0bf (webtiles) character file.

Game seed: 10348120877058456656

3323 ChadusMaximus the Blocker (level 9, -1/83 HPs)
             Began as a Minotaur Fighter on Dec 16, 2022.
             Killed from afar by a steam dragon (16 damage)
             ... with a ball of steam
             ... on level 8 of the Dungeon.
             The game lasted 00:06:09 (8893 turns).

ChadusMaximus the Blocker (Minotaur Fighter)        Turns: 8893, Time: 00:06:10

Health: -1/83      AC: 15    Str: 28    XL:     9   Next: 71%
Magic:  0/2        EV:  7    Int:  3    God:
Gold:   313        SH:  6    Dex: 15    Spells: 8/8 levels left

rFire   . . .      SeeInvis .   C - +2 hand axe of Extinguishment {antimagic, Str+4 Int-2 Dex+4}
rCold   . . .      Faith    .   c - +0 buckler
rNeg    + . .      Spirit   +   x - +0 plate armour
rPois   .          Reflect  .   (helmet restricted)
rElec   .          Harm     .   (no cloak)
rCorr   .          Rampage  .   w - +0 pair of gloves
Will    .....                   (no boots)
Stlth   ..........              p - amulet of guardian spirit
HPRegen 0.23/turn               n - ring of positive energy
MPRegen 0.08/turn               (no ring)

@: no status effects
A: horns 2, retaliatory headbutt
a: no special abilities


You were on level 8 of the Dungeon.
You visited 2 branches of the dungeon, and saw 9 of its levels.

You collected 313 gold pieces.

Inventory:

Hand Weapons
 a - a +0 war axe
 C - the +2 hand axe of Extinguishment (weapon) {antimagic, Str+4 Int-2 Dex+4}
   (You found it on level 6 of the Dungeon)

   It reduces the magical energy of the wielder, and disrupts the spells and
   magical abilities of those it strikes.
   Natural abilities and divine invocations are not affected.
   Str:       It affects your strength (+4).
   Int:       It affects your intelligence (-2).
   Dex:       It affects your dexterity (+4).
Armour
 b - a +0 scale mail
 c - a +0 buckler (worn)
 w - a +0 pair of gloves (worn)
 x - a +0 plate armour (worn)
Jewellery
 i - an amulet of magic regeneration
 n - a ring of positive energy (left hand)
 p - an amulet of guardian spirit (around neck)
 F - a ring of flight
Wands
 o - a wand of mindburst (17)
 v - a wand of iceblast (21)
 E - a wand of quicksilver (13)
Scrolls
 e - 2 scrolls of magic mapping {unknown}
 f - 2 scrolls of vulnerability {unknown}
 h - 7 scrolls of teleportation
 k - 4 scrolls of identify {unknown}
 m - a scroll of enchant weapon {unknown}
 q - a scroll of noise {unknown}
 s - 3 scrolls of blinking {unknown}
 t - 3 scrolls of enchant armour {unknown}
 u - a scroll of summoning {unknown}
 y - a scroll of fear {unknown}
 D - a scroll of immolation {unknown}
 G - a scroll of poison {unknown}
 H - a scroll of brand weapon {unknown}
Potions
 d - a potion of magic {unknown}
 g - 5 potions of curing {unknown}
 j - 2 potions of resistance {unknown}
 l - 5 potions of lignification {unknown}
 r - 3 potions of attraction {unknown}
 z - 3 potions of ambrosia {unknown}
 A - a potion of flight {unknown}
 B - a potion of degeneration {unknown}


   Skills:
 + Level 9.1 Fighting
 + Level 8.6 Axes
 + Level 9.1 Armour
 + Level 9.1 Shields


You had 8 spell levels left.
You didn't know any spells.
Your spell library contained the following spells:

 Spells                   Type           Power      Damage    Failure   Level
 Apportation              Tloc           0%         N/A       100%        1
 Foxfire                  Conj/Fire      0%         2x1d4     100%        1
 Sandblast                Erth           0%         2d4       100%        1
 Sublimation of Blood     Necr           0%         N/A       100%        2
 Gell's Gravitas          Tloc           0%         N/A       100%        3
 Teleport Other           Tloc           0%         N/A       100%        3
 Passage of Golubria      Tloc           0%         N/A       100%        4
 Petrify                  Tmut/Erth      0%         N/A       100%        4
 Alistair's Intoxication  Tmut/Pois      0%         N/A       100%        5
 Irradiate                Conj/Tmut      0%         3d11      100%        5
 Silence                  Hex/Air        0%         N/A       100%        5
 Dispersal                Tloc           0%         N/A       100%        6
 Lehudib's Crystal Spear  Conj/Erth      0%         10d2      100%        8


Dungeon Overview and Level Annotations

Branches:
Dungeon (8/15)             Temple (1/1) D:6
   Lair: D:8-11

Altars:
Ashenzari
Cheibriados
Elyvilon
Gozag
Hepliaklqana
Kikubaaqudgha
Makhleb
Nemelex Xobeh
Ru
Sif Muna
Trog
Uskayaw
Vehumet
Wu Jian
Zin
The Shining One

Shops:
D:2 *   D:3 *   D:4 *   D:6 [


Innate Abilities, Weirdness & Mutations

You have a pair of horns on your head.
You reflexively headbutt those who attack you in melee.


Message History

A howler monkey comes into view.
The howler monkey howls!
The howler monkey hoots and howls with incredible vigour!
You hear a shout! x3
You closely miss the howler monkey. The howler monkey hits you.
You slash the howler monkey!
The howler monkey is heavily wounded.
You block the howler monkey's attack.
You hit the howler monkey. Your headbutt misses the howler monkey.
The howler monkey is heavily wounded.
You block the howler monkey's attack.
You slash the howler monkey!
You kill the howler monkey!
An orc warrior, an orc and a steam dragon come into view.
Found a stone staircase leading down.
The orc warrior shouts!
The orc shouts!
The steam dragon hisses angrily.
You hear a shout!
An orc comes into view. It is wielding a +0 dagger.
The orc shouts!
An orc priest comes into view. It is wielding a +0 short sword.
You closely miss the orc warrior.
The orc warrior hits you but does no damage.
You barely miss the orc warrior.
You headbutt the orc warrior, but do no damage.
The orc warrior hits you but does no damage.
You hit the orc warrior but do no damage.
You hit the steam dragon but do no damage.
The steam dragon breathes steam at you. The ball of steam hits you!
The orc priest invokes the aid of Beogh against you.
Beogh smites you! The orc hits you but does no damage.
The orc warrior hits you but does no damage.
The orc warrior attacks as you move away!
The orc warrior hits you with a +0 long sword.
* * * LOW HITPOINT WARNING * * *
You are engulfed in a cloud of scalding steam.
* * * LOW HITPOINT WARNING * * *
The steam dragon breathes steam at you. The ball of steam hits you!
You die...

#.. .o# #. #.#
#. #.# #####.
#o# ##...#.##
#o#####..
#.......#
#oD......
........#####§#
............§@#
........#####§#
#.....#.# #.#
##... #.# #.#
##. #.# #.## #
#.# .... #.#
..# #.
#.###.###. #.
#......[..


You could see a steam dragon (catching breath) and an orc warrior.

Vanquished Creatures
  Grinder (D:6)
  Sigmund (D:6)
  A steam dragon (D:8)
  Edmund (D:6)
  A water moccasin (D:7)
  2 ice beasts
  3 orc warriors
  2 sky beasts (D:6)
  An ogre (D:5)
  2 kobold brigands (D:7)
  2 phantoms
  4 bullfrogs
  4 scorpions
  A necrophage (D:6)
  3 killer bees (D:7)
  2 vampire bats (D:7)
  2 howler monkeys
  4 jellies
  3 orc priests
  5 hounds
  2 iguanas
  5 orc wizards
  5 adders
  2 shadow imps
  3 white imps
  An ufetubus (D:4)
  3 dart slugs (D:1)
  15 orcs
  7 ball pythons
  4 bat skeletons (D:7)
  A bat zombie (D:7)
  6 endoplasms
  2 giant cockroaches (D:1)
  8 goblins
  4 hobgoblins
  4 jackals (D:3)
  3 quokkas
  3 bats
  6 frilled lizards
  27 kobolds
  4 rats
160 creatures vanquished.

Vanquished Creatures (others)
  16 plants
16 creatures vanquished.

Grand Total: 176 creatures vanquished

Notes
Turn   | Place    | Note
-------+----------+-------------------------------------------
     0 | D:1      | ChadusMaximus the Minotaur Fighter began the quest for the
                  | Orb.
     0 | D:1      | Reached XP level 1. HP: 19/19 MP: 0/0
   268 | D:1      | Reached XP level 2. HP: 27/27 MP: 1/1
   705 | D:1      | Reached XP level 3. HP: 33/33 MP: 2/2
  1383 | D:2      | Found a faded altar of an unknown god.
  1559 | D:2      | Found Puakith's Assorted Antiques.
  1591 | D:2      | Reached XP level 4. HP: 35/41 MP: 3/3
  2116 | D:3      | Found a glowing silver altar of Zin.
  2116 | D:3      | Found a white marble altar of Elyvilon.
  2116 | D:3      | Found a glowing golden altar of the Shining One.
  2328 | D:3      | Noticed a scorpion
  2333 | D:3      | Killed a scorpion
  2334 | D:3      | Reached XP level 5. HP: 44/47 MP: 4/4
  2533 | D:3      | Found Ippu Egi's General Store.
  2701 | D:4      | Found a hazy altar of Hepliaklqana.
  2818 | D:4      | Noticed a phantom
  2824 | D:4      | Killed a phantom
  2825 | D:4      | Reached skill level 5 in Fighting
  2825 | D:4      | Reached skill level 5 in Armour
  2825 | D:4      | Reached skill level 5 in Shields
  3021 | D:4      | Reached XP level 6. HP: 33/56 MP: 5/5
  3279 | D:4      | Found Becw's Bounteous Boutique.
  3416 | D:4      | Found a burning altar of Makhleb.
  3973 | D:5      | Entered Level 5 of the Dungeon
  4230 | D:5      | Found an ornate altar of the Wu Jian Council.
  4278 | D:5      | Reached skill level 5 in Axes
  4278 | D:5      | Reached XP level 7. HP: 40/62 MP: 3/6
  4436 | D:5      | Found a bloodstained altar of Trog.
  4666 | D:5      | Found a shimmering blue altar of Sif Muna.
  4670 | D:5      | Got Sif Muna's Lectures on the Rocky Arsonist
  4770 | D:5      | Found a snail-covered altar of Cheibriados.
  5239 | D:6      | Noticed Grinder
  5408 | D:6      | Noticed Sigmund
  5409 | D:6      | Noticed Edmund
  5417 | D:6      | Killed Sigmund
  5418 | D:6      | Reached XP level 8. HP: 40/71 MP: 2/7
  5421 | D:6      | Killed Edmund
  5651 | D:6      | Found a staircase to the Ecumenical Temple.
  5733 | Temple   | Entered the Ecumenical Temple
  6327 | D:6      | Identified the +2 hand axe of Extinguishment {antimagic,
                  | Str+4 Int-2 Dex+4}
  6574 | D:6      | Killed Grinder
  6823 | D:6      | Found Eppowk's Armour Emporium.
  6935 | D:6      | Reached XP level 9. HP: 81/81 MP: 2/8
  7857 | D:7      | Found an ancient bone altar of Kikubaaqudgha.
  8578 | D:7      | Identified the +1 leather armour of Infinity {Harm rC+++
                  | Int+4 Dex-5}
  8893 | D:8      | Killed from afar by a steam dragon

Illustrated notes

Levels and vault maps discovered:
D:1:      tarquinn_simple_flora_water_d, layout_basic, patterned_corridor
D:2:      layout_rooms, shapermc_ecumenical_altar_totnotflames, serial_shops,
          nicolae_shop_overgrown_old_shop
D:3:      layout_basic, good_gods_mini_temple, serial_glass, glass_columns_b,
          glass_columns_b, due_unseen_surprise, item_on_display_a,
          minmay_strange_pillars, feat_on_display, serial_shops,
          nicolae_shop_behind_doors
D:4:      layout_layer_cave, bloody_makhleb, nicolae_overflow_crystal_walls,
          nicolae_alphabet_shops, minmay_pentomino_pile
D:5:      layout_loops_corners, lemuel_crystal_altar,
          mainiacjoe_overflow_24_doors, nzn_overflow_gifts_of_might_and_magic,
          minmay_misc_feat_rugged
D:6:      layout_rooms, temple_doors_e, serial_corexii_hall,
          chequers_hall_statues_y, corexii_hall_statues_t, serial_shops,
          nicolae_shop_behind_doors, st_stairs_9, grunt_decor_one_mirror,
          minmay_misc_feat_ornament, serial_bayou_pond_b,
          hangedman_decor_clover_reticule, sigmund_edmund_badplayer,
          uniq_grinder
D:7:      kennysheep_kobold_camp, layout_loops_ring, kennysheep_vampire_church,
          minivault_1, chequers_jeans
D:8:      layout_loops_ring, xom_teletrap_fun,
          chequers_temple_overflow_statue_of_worship, serial_shops,
          nicolae_shop_crystal, enter_bailey_2
Temple:   nicolae_temple_two_arcs

Skill      XL: |  1  2  3  4  5  6  7  8  9 |
---------------+----------------------------+-----
Shields        | 4 5 6 8 9 |  9.1
Fighting       | 4 5 6 8 9 |  9.1
Armour         | 4 5 6 7 9 |  9.1
Axes           | 3 4 5 6 7 8 |  8.6

Action                   |  1- 3 |  4- 6 |  7- 9 || total
-------------------------+-------+-------+-------++-------
Melee: War axe           |    81 |    89 |    71 ||   241
       Headbutt          |    11 |    10 |    51 ||    72
       Hand axe          |       |       |   191 ||   191
  Use: Potion            |       |       |     2 ||     2
       Scroll            |       |       |     1 ||     1
Armor: Scale mail        |    38 |    35 |    12 ||    85
       Plate armour      |       |       |   133 ||   133
Dodge: Dodged            |    35 |    39 |    60 ||   134
Block: Buckler           |    21 |    22 |    71 ||   114
